 Dungeon Sprint DCSS version 0.30-a0-118-ga018f8e90f (webtiles) character file.

Game seed: 6218812063073948705

2400000 fingers the Axe Maniac (level 17, -4/208 HPs)
             Began as a Tengu Berserker on Sept 13, 2022.
             Was a High Priest of Trog.
             Slain by a meat berserker
             ... wielding a +9 battleaxe
              (100 damage)
             ... in the Dungeon (Sprint VIII: "Arena of Blood").
             The game lasted 00:01:13 (24 turns).

fingers the Axe Maniac (Tengu Berserker)              Turns: 24, Time: 00:01:13

Health: -4/208     AC:  4    Str: 22    XL:     17   Next: 6%
Magic:  18/18      EV: 32    Int: 10    God:    Trog [*****.]
Gold:   0          SH:  0    Dex: 15    Spells: 16/16 levels left

rFire   . . .      SeeInvis .    i - +∞ Axe of Woe
rCold   . . .      Faith    .    (shield currently unavailable)
rNeg    . . .      Spirit   .    b - +0 animal skin
rPois   .          Reflect  .    (helmet restricted)
rElec   .          Harm     .    (no cloak)
rCorr   .          Rampage  .    (no gloves)
Will    +....      NoTele   +    (boots unavailable)
Stlth   ..........               (no amulet)
HPRegen 0.44/turn                j - +30 ring of slaying
MPRegen 0.16/turn                (no ring)

@: berserking, flying quickly and evasively, very quick
A: beak, talons 3, nimble flight
a: Renounce Religion, Berserk, Trog's Hand, Brothers in Arms


You were in the Dungeon.
You worshipped Trog.
Trog was extremely pleased with you.
You visited 1 branch

Inventory:

Hand Weapons
 a - a +0 hand axe
 i - the +∞ Axe of Woe (weapon)
   (You found it in the Dungeon)
Armour
 b - a +0 animal skin (worn)
Jewellery
 j - a +30 ring of slaying (left hand)
Scrolls
 h - a scroll of blinking
Potions
 c - a potion of curing
 d - a potion of heal wounds
 e - a potion of haste
 f - 2 potions of magic


   Skills:
 O Level 27 Fighting
 O Level 27 Axes
 O Level 27 Armour
 O Level 27 Dodging


You had 16 spell levels left.
You didn't know any spells.
Your spell library was empty.

Dungeon Overview and Level Annotations

Branches:
Dungeon (1/1)

Altars:
Makhleb


Innate Abilities, Weirdness & Mutations

You have a beak for a mouth.
You have claws for feet.
Your magical nature lets you fly swiftly and evasively.


Message History

You feel stronger.
A meat berserker comes into view. It is wielding a +9 battleaxe.
The meat berserker shouts!
You hear a shout! x8
The bag of meat hits you with a +9 war axe!!!
You hear a shout! x2
You slash the bag of meat!
You slaughter the bag of meat joyfully.
You kill the bag of meat!
Trog accepts your kill.
Trog will now gift you melee weapons as you gain piety.
You hear a shout! x4
A bag of meat comes into view. It is wielding a +9 war axe.
A meat berserker comes into view. It is wielding a +9 battleaxe.
Your Armour skill increases to level 26!
Your Dodging skill increases to level 26!
You swing at nothing.
You hear a shout! x9
You swing at nothing.
You hear a shout! x6
A meat berserker comes into view. It is wielding a +9 battleaxe.
You carve the bag of meat like a ham!!!
You pulverise the bag of meat into a thin bloody mist.
You kill the bag of meat!
Trog accepts your kill.
You slice the bag of meat!!
You hew the bag of meat savagely.
You kill the bag of meat!
Trog accepts your kill.
The destroyer appears out of thin air!
A destroyer comes into view. It is wielding a +9 vorpal great sword.
The destroyer shouts!
You hear a shout! x6
The meat berserker moves out of view.
You have mastered Armour!
You have mastered Dodging!
You have reached level 17!
You are too injured to fight recklessly!
A red film seems to cover your vision as you go berserk!
You feel yourself moving faster!
You feel mighty!
You hear a shout! x5
The meat berserker rages.
You hear a shout! x2
The meat berserker hits you with a +9 battleaxe!!!!
You die...

.. .... ...
..... #.. ...# .
#.. ...# o
..###.. ...###..
......###.......
......._).......
#)).).# #_@<)_#
#.O)..#
.....O_..V...
......###......
..###.. ...###..
. #.. ...# . #..
...# ... .....


You could see a destroyer and 2 meat berserkers.

Vanquished Creatures
  5 ogres (D)
  9 orcs (D)
14 creatures vanquished.

Notes
Turn   | Place    | Note
-------+----------+-------------------------------------------
     0 | D        | Found the +∞ Axe of Woe
     0 | D        | fingers the Tengu Berserker began the quest for the Orb.
     0 | D        | Reached XP level 1. HP: 14/14 MP: 2/2
     2 | D        | Noticed a bag of meat
     3 | D        | Noticed a bag of meat
     4 | D        | Noticed a bag of meat
     4 | D        | Killed a bag of meat
     5 | D        | Reached skill level 10 in Armour
     5 | D        | Reached skill level 10 in Dodging
     5 | D        | Reached XP level 2. HP: 36/36 MP: 3/3
     5 | D        | Reached XP level 3. HP: 41/41 MP: 4/4
     5 | D        | Reached XP level 4. HP: 47/47 MP: 5/5
     5 | D        | Gained mutation: Your magical nature lets you fly swiftly
                  | and evasively. [Tengu growth]
     5 | D        | Reached XP level 5. HP: 52/52 MP: 6/6
     5 | D        | Reached XP level 6. HP: 58/58 MP: 7/7
     5 | D        | Reached XP level 7. HP: 63/63 MP: 8/8
     5 | D        | Reached XP level 8. HP: 68/68 MP: 9/9
     5 | D        | Reached XP level 9. HP: 73/73 MP: 10/10
     5 | D        | Reached XP level 10. HP: 79/79 MP: 11/11
     5 | D        | Reached XP level 11. HP: 84/84 MP: 12/12
     6 | D        | Noticed a bag of meat
     6 | D        | Noticed a bag of meat
     7 | D        | Noticed a meat berserker
     8 | D        | Killed a bag of meat
     8 | D        | Reached ** piety under Trog
     8 | D        | Noticed a meat berserker
     8 | D        | Noticed a bag of meat
     9 | D        | Reached XP level 12. HP: 66/93 MP: 13/13
     9 | D        | Killed a bag of meat
     9 | D        | Noticed a bag of meat
     9 | D        | Noticed a meat berserker
    11 | D        | Noticed a bag of meat
    12 | D        | Killed a meat berserker
    12 | D        | Noticed a meat berserker
    12 | D        | Noticed a bag of meat
    13 | D        | Reached XP level 13. HP: 76/106 MP: 14/14
    14 | D        | Noticed a meat berserker
    14 | D        | Killed a bag of meat
    14 | D        | Reached *** piety under Trog
    14 | D        | Killed a meat berserker
    14 | D        | Killed a meat berserker
    15 | D        | Reached skill level 27 in Fighting
    15 | D        | Reached skill level 27 in Axes
    15 | D        | Reached XP level 14. HP: 88/122 MP: 15/15
    15 | D        | Reached XP level 15. HP: 91/127 MP: 16/16
    15 | D        | Killed a meat berserker
    16 | D        | Reached **** piety under Trog
    18 | D        | Killed a meat berserker
    19 | D        | Reached XP level 16. HP: 97/133 MP: 17/17
    19 | D        | Noticed a meat berserker
    20 | D        | Reached ***** piety under Trog
    20 | D        | Noticed a meat berserker
    23 | D        | Noticed a meat berserker
    23 | D        | Noticed a destroyer
    24 | D        | Reached skill level 27 in Armour
    24 | D        | Reached skill level 27 in Dodging
    24 | D        | Reached XP level 17. HP: 64/139 MP: 18/18
    24 | D        | Slain by a meat berserker

Illustrated notes

Levels and vault maps discovered:
D:        meatsprint

Skill      XL: |  1  2  3  4  5  6  7  8  9 10 11 12 13 14 15 16 |
---------------+-------------------------------------------------+-----
Fighting       | 16 18 22 27 | 27.0
Axes           | 17 20 24 27 | 27.0
Armour         | 10 11 13 17 25 27 | 27.0
Dodging        | 10 11 13 17 25 27 | 27.0

Action                   |  1- 3 |  4- 6 |  7- 9 | 10-12 | 13-15 | 16-18 || total
-------------------------+-------+-------+-------+-------+-------+-------++-------
Melee: Executioner's axe |     1 |       |       |     3 |     4 |     2 ||    10
  Use: Potion            |       |       |       |       |       |     1 ||     1

Table legend: (Time is in decaauts)
 A = Elapsed time spent in this place.
 B = Non-inter-level travel time spent in this place.
 C = Inter-level travel time spent in this place.
 D = Time resting spent in this place.
 E = Time spent auto-exploring this place.
 F = Levels seen in this place.
 G = Mean time per level.
                   A        B        C        D        E       F      G
               +--------+--------+--------+--------+--------+-----+--------+
         Total |     20 |     20 |      0 |      0 |      0 |   1 |   20.0 |
       Dungeon |     20 |     20 |      0 |      0 |      0 |   1 |   20.0 |
               +--------+--------+--------+--------+--------+-----+--------+

Top non-repeatable levels by time:
       D: 20 daAuts
